 Dungeon Crawl Stone Soup version 0.32-a0-871-ge202e49faa (webtiles) character file.

Game seed: 13260756135588125135

4487 Biggs the Skirmisher (level 10, 74/74 HPs)
             Began as a Coglin Hunter on Mar 29, 2024.
             Was an Initiate of Okawaru.
             Quit the game on level 3 of the Abyss.
             The game lasted 00:14:17 (6422 turns).

Biggs the Skirmisher (Coglin Hunter)                Turns: 6422, Time: 00:14:18

Health: 74/74      AC: 10    Str: 12    XL:     10   Next: 38%
Magic:  10/10      EV: 16    Int:  8    God:    Okawaru [......]
Gold:   147        SH:  0    Dex: 22    Spells: 9/9 levels left

rFire   . . .        a - +2 sling (drain) {Dalbir}
rCold   . . .        d - +0 sling (flame) {Amenemopet}
rNeg    . . .        g - +0 steam dragon scales
rPois   .            m - +2 helmet {SInv}
rElec   .            (no cloak)
rCorr   .            y - +0 pair of gloves
SInv    +            b - +0 pair of boots
Will    .....        (amulet unavailable)
Stlth   ++           (ring unavailable)
HPRegen 0.32/turn    (ring unavailable)
MPRegen 0.12/turn    (no gizmo)

%: no passive effects
@: no status effects
A: off-hand wielding, slow wielding, warmup strikes, no jewellery
a: Invent Gizmo, Renounce Religion


You were on level 3 of the Abyss.
You worshipped Okawaru.
Okawaru was noncommittal.
You visited 2 branches of the dungeon, and saw 9 of its levels.
You visited the Abyss 1 time.

You collected 404 gold pieces.
You spent 257 gold pieces at shops.

Inventory:

Hand Weapons
 a - a +2 sling of draining (weapon) {Dalbir}
 d - a +0 sling of flaming (offhand) {Amenemopet}
Armour
 b - a +0 pair of boots (worn)
 g - +0 steam dragon scales (worn)
 m - a +2 helmet of see invisible (worn)
 y - a +0 pair of gloves (worn)
Wands
 l - a wand of paralysis (3)
 w - a wand of digging (4)
Scrolls
 c - a scroll of summoning
 f - 3 scrolls of identify
 h - a scroll of blinking
 i - a scroll of teleportation
 k - a scroll of amnesia
 o - a scroll of poison
 r - a scroll of immolation
 t - 2 scrolls of enchant weapon
 u - a scroll of torment
 x - 2 scrolls of noise
Potions
 e - 2 potions of heal wounds
 j - a potion of might {unknown}
 p - a potion of berserk rage {unknown}
 q - a potion of magic
 s - a potion of lignification {unknown}
 v - 5 potions of curing {unknown}


   Skills:
 - Level 5.0 Fighting
 + Level 11.9 Ranged Weapons
 - Level 6.5 Dodging
 - Level 0.7 Stealth


You had 9 spell levels left.
You didn't know any spells.
Your spell library contained the following spells:

 Spells                   Type           Power      Damage    Failure   Level
 Freeze                   Ice            0%         1d3       41%         1
 Shock                    Conj/Air       0%         1d3       41%         1
 Frozen Ramparts          Ice            0%         1d1       78%         3
 Hailstorm                Conj/Ice       0%         3d5       78%         3
 Sigil of Binding         Hex            0%         N/A       78%         3
 Stone Arrow              Conj/Erth      0%         3d7       78%         3
 Swiftness                Air            0%         N/A       78%         3
 Airstrike                Air            0%         2d(0-16)  99%         4
 Dimensional Bullseye     Hex/Tloc       0%         N/A       99%         4
 Leda's Liquefaction      Alch/Erth      0%         N/A       99%         4
 Lee's Rapid Deconstruct  Erth           0%         3d4*      100%        5
 Permafrost Eruption      Ice/Erth       0%         2x4d2     100%        6
 Lehudib's Crystal Spear  Conj/Erth      0%         10d2      100%        8
 Call Canine Familiar     Summ           Unusable   N/A       N/A         3
 Animate Armour           Summ/Erth      Unusable   N/A       N/A         4

Dungeon Overview and Level Annotations

Branches:
Dungeon (8/15)             Temple (1/1) D:4
   Lair: D:8-11

Altars:
Cheibriados
Dithmenos
Elyvilon
Fedhas
Hepliaklqana
Kikubaaqudgha
Nemelex Xobeh
Okawaru
Qazlal
Ru
Sif Muna
Trog
Vehumet
Wu Jian
Xom
Yredelemnul
Zin
The Shining One
Beogh

Shops:
D:1 (   D:2 !   D:6 :!=(   D:7 ?

Annotations:
D:2 1 runed translucent door, Crazy Yiuf
D:4 3 runed translucent doors, xianbchi's ghost, amateur DrFi
D:8 Psyche


Innate Abilities, Weirdness & Mutations

You can wield a second weapon in your off-hand.
It takes a long time for you to wield or remove held weapons.
Your first few attacks do less damage.
You cannot equip rings or amulets.


Message History

Your +2 helmet of see invisible melds into your body.
Your +0 pair of gloves melds into your body.
Your +0 pair of boots melds into your body.
Your +0 sling of flaming {Amenemopet} melds into your body.
Your +0 steam dragon scales melds into your body.
You feel less perceptive.
Your +0 sling of flaming {Amenemopet} stops flaming.
Deactivating autopickup; reactivate with Ctrl-A.
You miss something.
A wight comes into view. It is wielding a +0 scimitar.
Something misses you.
Unknown command.
You barely miss something. Something hits you but does no damage.
You are cast into the Abyss!
This branch contains the abyssal rune of Zot.
Reactivating autopickup.
Found a gateway leading deeper into the Abyss.
Your transformation is almost over.
HP restored.
There is a gateway leading deeper into the Abyss here.
You condense into your normal self.
Your +2 sling of draining {Dalbir} unmelds from your body.
Your +2 helmet of see invisible unmelds from your body.
Your +0 pair of gloves unmelds from your body.
Your +0 pair of boots unmelds from your body.
Your +0 sling of flaming {Amenemopet} unmelds from your body.
Your +0 steam dragon scales unmelds from your body.
You sense an unholy aura.
You feel perceptive.
Your +0 sling of flaming {Amenemopet} bursts into flame!
Key pressed, stopping explore.
Unknown command.
Found a corrupted altar of Lugonu.
An ancient lich comes into view.
Okay, then.
A thrashing horror comes into view.
There is a gateway leading deeper into the Abyss here.
You plunge deeper into the Abyss.
The abyssal rune of Zot can be found at this depth.
Found a corrupted altar of Lugonu.
Are you sure you want to abandon this character and quit the game? (Confirm with "yes".)

# #.#..#..#... ##.
........
#..###.#_###
.##..#.#.......#..
# ####.#....###
..#
#...#..####.... #
## ......### .. #
####.#...###.
...... #..# ##
.###. . #.@##..#.
.. .. #..#ยง# . #.
### #..##2 #. #.##
#. ## #. ## #


You could see a lorocyproca (wandering, invisible).

Vanquished Creatures
  Joseph (D:8)
  Maggie (D:7)
  Jeremiah (D:7)
  2 steam dragons (D:7)
  3 orc warriors
  3 black bears
  A water moccasin (D:6)
  2 sky beasts
  An ogre (D:6)
  2 hornet zombies (D:6)
  3 phantoms
  2 kobold brigands
  2 scorpions (D:7)
  2 bullfrogs
  A wyvern zombie (D:6)
  2 wyvern skeletons (D:6)
  3 wights (D:6)
  7 howler monkeys (D:8)
  A jelly (D:5)
  A bombardier beetle (D:4)
  A bullfrog skeleton (D:6)
  2 bullfrog zombies (D:6)
  A centaur skeleton (D:6)
  2 hounds (D:4)
  4 orc priests
  A sleepcap (D:6)
  Terence (D:3)
  4 iguanas
  6 orc wizards
  3 killer bee zombies (D:6)
  Robin (D:2)
  3 howler monkey zombies (D:6)
  7 gnolls (D:4)
  2 adders
  2 white imps
  An ufetubus (D:3)
  3 dart slugs
  2 ribbon worms (D:2)
  35 orcs
  5 ball pythons
  9 endoplasms
  3 giant cockroaches
  12 goblins
  13 hobgoblins
  4 jackals (D:4)
  23 kobolds
  3 quokkas
  6 bats
  2 frilled lizards
  6 rats
208 creatures vanquished.

Notes
Turn   | Place    | Note
-------+----------+-------------------------------------------
     0 | D:1      | Biggs the Coglin Hunter began the quest for the Orb.
     0 | D:1      | Reached XP level 1. HP: 16/16 MP: 1/1
    71 | D:1      | Found Qeatz's Antique Weapon Shop.
   121 | D:1      | Reached skill level 4 in Ranged Weapons
   121 | D:1      | Reached XP level 2. HP: 22/22 MP: 2/2
   768 | D:2      | Reached XP level 3. HP: 27/27 MP: 3/3
   834 | D:2      | Noticed Robin
   839 | D:2      | Killed Robin
   840 | D:2      | Reached skill level 5 in Ranged Weapons
   840 | D:2      | Reached XP level 4. HP: 33/33 MP: 4/4
   940 | D:2      | Found Zuyziuh's Distillery.
   995 | D:2      | Found a runed translucent door.
   996 | D:2      | Noticed Crazy Yiuf
  1467 | D:3      | Noticed Terence
  1476 | D:3      | Killed Terence
  1594 | D:3      | Reached XP level 5. HP: 38/38 MP: 5/5
  1714 | D:3      | Found a faded altar of an unknown god.
  2064 | D:4      | Found a staircase to the Ecumenical Temple.
  2070 | D:4      | Noticed a phantom
  2076 | D:4      | Reached skill level 6 in Ranged Weapons
  2081 | D:4      | Killed a phantom
  2082 | D:4      | Reached XP level 6. HP: 33/44 MP: 6/6
  2123 | Temple   | Entered the Ecumenical Temple
  2280 | D:4      | Noticed a black bear
  2460 | D:4      | Reached skill level 7 in Ranged Weapons
  2552 | D:4      | Found a runed translucent gate.
  2552 | D:4      | Noticed xianbchi's ghost (amateur DrFi)
  2553 | D:4      | Found a runed translucent gate.
  2554 | D:4      | Found a runed translucent gate.
  2557 | D:4      | Identified the +1 dagger of the Candle {flame, ^Fragile
                  | rPois rN+}
  2647 | D:4      | Noticed a black bear
  2657 | D:4      | Killed a black bear
  2658 | D:4      | Reached XP level 7. HP: 16/50 MP: 7/7
  2840 | D:4      | Found a blossoming altar of Fedhas.
  2870 | D:4      | Reached skill level 8 in Ranged Weapons
  3240 | D:4      | Found a roughly hewn altar of Beogh.
  3282 | D:5      | Entered Level 5 of the Dungeon
  3308 | D:3      | HP: 2/50 [poisoned by a kobold]
  3569 | D:5      | Reached XP level 8. HP: 50/56 MP: 8/8
  3716 | D:5      | Reached skill level 5 in Dodging
  3970 | D:5      | Found a sacrificial altar of Ru.
  4259 | D:6      | Found Terokak's Jewellery Boutique.
  4263 | D:6      | HP: 1/56 [wyvern skeleton (7)]
  4617 | D:6      | Found Hyonet's Weapon Shop.
  4637 | D:6      | Found a hazy altar of Hepliaklqana.
  4757 | D:6      | Found Ucyenkim's Distillery.
  4763 | D:6      | Reached XP level 9. HP: 65/65 MP: 9/9
  4826 | D:6      | Bought a potion of heal wounds for 60 gold pieces
  4826 | D:6      | Bought a potion of heal wounds for 60 gold pieces
  4858 | D:6      | Reached skill level 5 in Fighting
  5108 | D:6      | Found Mosijon's Book Shoppe.
  5188 | D:6      | Reached skill level 9 in Ranged Weapons
  5299 | D:7      | Noticed Maggie
  5312 | D:7      | Killed Maggie
  5313 | D:7      | Reached skill level 10 in Ranged Weapons
  5405 | D:7      | Noticed Jeremiah
  5415 | D:7      | Killed Jeremiah
  5496 | D:7      | Reached XP level 10. HP: 74/74 MP: 10/10
  5681 | D:7      | Found a shimmering altar of Xom.
  5685 | D:7      | Found Xelutig's Magic Scroll Shoppe.
  5689 | D:7      | Bought a scroll of blinking for 82 gold pieces
  5689 | D:7      | Bought a scroll of identify for 22 gold pieces
  5689 | D:7      | Bought a scroll of teleportation for 33 gold pieces
  5699 | D:7      | Found a bloodstained altar of Trog.
  5700 | D:7      | Found an ornate altar of the Wu Jian Council.
  5702 | D:7      | Found a shadowy altar of Dithmenos.
  5702 | D:7      | Found an iron altar of Okawaru.
  5719 | D:7      | Became a worshipper of Warmaster Okawaru
  5860 | D:7      | Reached skill level 11 in Ranged Weapons
  6077 | D:8      | Noticed Joseph
  6100 | D:8      | Killed Joseph
  6321 | D:8      | Noticed Psyche
  6330 | Abyss:2  | Cast into level 2 of the Abyss (Psyche)
  6364 | Abyss:2  | Found a corrupted altar of Lugonu.
  6367 | Abyss:2  | Noticed an ancient lich
  6382 | Abyss:2  | Noticed a bone dragon
  6394 | Abyss:2  | Noticed a thrashing horror
  6402 | Abyss:3  | Found a corrupted altar of Lugonu.
  6422 | Abyss:3  | Noticed a lorocyproca
  6422 | Abyss:3  | Quit the game

Illustrated notes

Levels and vault maps discovered:
D:1:      evilmike_arrival_plus, layout_basic, serial_shops, shop_statue,
          kennysheep_minor_cross, minmay_misc_feat_alley
D:2:      layout_rooms, serial_shops, nicolae_shop_industrial_runoff,
          serial_bayou_pond_a, uniq_robin, uniq_crazy_yiuf_cottage
D:3:      layout_loops_ring, hellmonk_ecumenical_altar_prayer_group,
          kennysheep_generic_room_7, uniq_terence
D:4:      cheibrodos_thug_alley, layout_cave_pools, kennysheep_little_box,
          minmay_temple_entry_statues_fountains, biasface_ghost_orc_armoury
D:5:      layout_cave_pools, nicolae_ru_path_of_blood, kennysheep_generic_room_5
D:6:      layout_basic, overflow_temple_1_default, serial_shops, shop, shop,
          nicolae_diamond_shop, nicolae_shop_tiny_real_fake_doors,
          serial_undead, serial_undead_b, serial_undead_d, serial_undead_d,
          serial_undead_c, serial_undead_a, serial_undead_a, serial_undead_e
D:7:      layout_basic, grunt_temple_overflow_open, serial_shops,
          nicolae_shop_back_alley_shop, uniq_maggie, uniq_jeremiah
D:8:      minmay_spotlight, layout_loops_ring, lightli_temple_of_fire,
          nicolae_gozag_seed_capital, kennysheep_generic_room_2, uniq_joseph,
          uniq_psyche
Temple:   nicolae_temple_two_arcs
Abyss:3:  base: D:2, base:
Temple

Skill      XL: |  1  2  3  4  5  6  7  8  9 10 |
---------------+-------------------------------+-----
Ranged Weapons | 4 5 6 7 8 10 11 | 11.9
Dodging        | 3 6 |  6.5
Fighting       | 4 5 |  5.0
Stealth        | |  0.7

Action                     |  1- 3 |  4- 6 |  7- 9 | 10-12 || total
---------------------------+-------+-------+-------+-------++-------
  Melee: Sling             |       |     8 |       |     8 ||    16
         Unarmed           |       |       |       |     2 ||     2
   Fire: Sling             |   144 |   336 |   690 |   160 ||  1330
  Evoke: Wand              |       |     1 |       |       ||     1
    Use: Scroll            |       |     1 |    12 |     4 ||    17
         Potion            |       |       |     4 |       ||     4
 Armour: Leather armour    |    11 |   101 |   118 |       ||   230
         Steam dragon scal |       |       |     4 |    30 ||    34
         Skin              |       |       |       |     1 ||     1
  Dodge: Dodged            |    11 |    93 |   145 |    38 ||   287

Table legend: (Time is in decaauts)
 A = Elapsed time spent in this place.
 B = Non-inter-level travel time spent in this place.
 C = Inter-level travel time spent in this place.
 D = Time resting spent in this place.
 E = Time spent auto-exploring this place.
 F = Levels seen in this place.
 G = Mean time per level.
                   A        B        C        D        E       F      G
               +--------+--------+--------+--------+--------+-----+--------+
         Total |   6430 |   6180 |    250 |    360 |   4588 |  11 |  584.5 |
       Dungeon |   6236 |   5986 |    250 |    259 |   4563 |   8 |  779.5 |
        Temple |    102 |    102 |      0 |    101 |      0 |   1 |  102.0 |
         Abyss |     91 |     91 |      0 |      0 |     25 |   2 |   45.5 |
               +--------+--------+--------+--------+--------+-----+--------+

Top non-repeatable levels by time:
     D:3: 1131 daAuts
     D:6: 1074 daAuts
     D:4: 1007 daAuts
     D:1: 776 daAuts
     D:7: 723 daAuts
     D:5: 674 daAuts
     D:2: 556 daAuts
     D:8: 292 daAuts
  Temple: 102 daAuts
 Abyss:2: 71 daAuts
 Abyss:3: 19 daAuts
